 Dungeon Crawl Stone Soup version 0.23-a0-338-g8ff0b24 (webtiles) character file.

37 Loudmushroom the Skirmisher (level 3, 0/24 HPs)
             Began as a Gargoyle Fighter on Oct 18, 2018.
             Slain by a gnoll (5 damage)
             ... on level 3 of the Dungeon.
             The game lasted 00:04:46 (1078 turns).

Loudmushroom the Skirmisher (Gargoyle Fighter)      Turns: 1078, Time: 00:04:47

Health: 0/24       AC: 12    Str: 20    XL:     3   Next: 39%
Magic:  3/3        EV:  5    Int:  8    God:
Gold:   66         SH:  9    Dex:  9    Spells: 2/2 levels left

rFire    . . .     SeeInvis .   a - +0 war axe
rCold    . . .     Gourm    .   c - +0 shield
rNeg     + . .     Faith    .   o - +0 chain mail
rPois    ∞         Spirit   .   (no helmet)
rElec    +         Reflect  .   (no cloak)
rCorr    .         Harm     .   (no gloves)
MR       .....                  (no boots)
Stlth    ..........             i - amulet of the acrobat
HPRegen  0.08/turn              (no ring)
MPRegen  0.08/turn              (no ring)

@: no status effects
A: negative energy resistance 1, electricity resistance, unbreathing,
petrification resistance, rot immunity, AC +3
a: no special abilities


You were on level 3 of the Dungeon.
You were hungry.

You visited 1 branch of the dungeon, and saw 3 of its levels.

You collected 66 gold pieces.

Inventory:

Hand Weapons
 a - a +0 war axe (weapon)
Missiles
 j - 19 stones (quivered)
 l - 17 sling bullets
Armour
 c - a +0 shield (worn)
 o - a +0 chain mail (worn)
Jewellery
 i - an amulet of the acrobat (around neck)
Scrolls
 m - a scroll of identify {unknown}
Potions
 d - a potion of might
 e - 2 potions of brilliance {unknown}
 h - a potion of magic {unknown}
 k - a potion of cancellation {unknown}
 n - 2 potions of degeneration {unknown}
Comestibles
 f - a ration


   Skills:
 + Level 3.6 Fighting
 * Level 2.4 Axes
 + Level 3.6 Armour
 + Level 3.6 Shields


You had 2 spell levels left.
You didn't know any spells.
Your spell library was empty.

Dungeon Overview and Level Annotations

Branches:
Dungeon (2/15)

Altars:


Innate Abilities, Weirdness & Mutations

You are resistant to torment.
Your stone body is resilient. (AC +3)
You are immune to poison.
You resist negative energy. (rN+)
You are resistant to electric shocks. (rElec)
You can survive without breathing.
You are immune to petrification.
You are immune to rotting.


Message History

A hobgoblin comes into view.
You block the adder's attack.
The gnoll hits you but does no damage. x2
You block the gnoll's attack.
You closely miss the gnoll.
The gnoll is moderately wounded.
Your chain mail prevents you from hitting the gnoll.
You miss the adder.
The hobgoblin shouts!
You block the adder's attack.
The gnoll hits you from afar with a cursed -1 halberd.
* * * LOW HITPOINT WARNING * * *
The gnoll hits you but does no damage. x3
The adder bites you but does no damage.
Your chain mail prevents you from hitting the gnoll.
The gnoll is moderately wounded.
You completely miss the gnoll.
Your chain mail prevents you from hitting the adder.
You block the gnoll's attack. The gnoll hits you but does no damage.
The gnoll hits you.
You die...

#####+########
#
#......#(.....
#.#...........
#.........#.##
#.....S....#
#....(@g#
#.....g##
#....gg#
#.....K#
#........
#.....g...
............!
######.......
.......


You could see 4 gnolls, an adder, a hobgoblin and a kobold.

Vanquished Creatures
  A gnoll (D:1)
  2 dart slugs (D:1)
  2 giant cockroaches
  4 goblins (D:1)
  2 hobgoblins (D:1)
  3 jackals (D:1)
  A bat (D:1)
  4 frilled lizards (D:1)
  A kobold (D:1)
  3 rats (D:1)
23 creatures vanquished.

Notes
Turn   | Place    | Note
-------+----------+-------------------------------------------
     0 | D:1      | Loudmushroom the Gargoyle Fighter began the quest for the
                  | Orb.
     0 | D:1      | Reached XP level 1. HP: 14/14 MP: 1/1
   197 | D:1      | Reached XP level 2. HP: 19/19 MP: 2/2
   411 | D:1      | Reached XP level 3. HP: 23/23 MP: 3/3
  1062 | D:2      | You fall through a shaft!
  1078 | D:3      | Slain by a gnoll

Vault maps used:
D:1:      moated_graveyard_arrival, serial_park_tiny_2
D:2:      nicolae_overflow_crystal_walls, chequers_ecumenical_altar_island
D:3:      led_xom_imps, first_ration, nicolae_ru_sacrificial_ziggurat

Skill      XL: |  1 |
---------------+----+-----
Axes           | 2 |  2.4
Fighting       | |  3.6
Armour         | |  3.6
Shields        | |  3.6

Action                   || total
-------------------------++-------
Melee: War axe           ||    96
Armor: Scale mail        ||    32
       Chain mail        ||    20
Dodge: Dodged            ||    36
Block: Shield            ||    56

Table legend:
 A = Non-vault XP
 B = Vault XP
 C = Vault XP percentage of total XP
 D = Non-vault monster count
 E = Vault monster count
 F = Vault count percentage of total count
                 A         B        C        D         E       F
            +---------+---------+-------+---------+---------+-------
      Total |      53 |       0 |   0.0 |      23 |       0 |   0.0
            +---------+---------+-------+---------+---------+-------
        D:1 |      51 |       0 |   0.0 |      22 |       0 |   0.0
        D:2 |       2 |       0 |   0.0 |       1 |       0 |   0.0
            +---------+---------+-------+---------+---------+-------
